3315 views
Uploaded 2020-04-12 18:35:04
Game version 1.32.3
18:07 long 2on2 ladder game on (4)SynergyBigPaved
Saved by Herzim
3315 views
Uploaded 2020-04-12 18:35:04
Game version 1.32.3
18:07 long 2on2 ladder game on (4)SynergyBigPaved


64 units @ 9.6k
/ 0.7k
33 buildings @ 4.7k
/ 1.6k



| Lesser Clarity Potion | 1 | 70 |
| total: | 1 | 70g |
| Peasant | 10 | 750 | / | 0 |
| Rifleman | 19 | 3895 | / | 570 |
| Priest | 9 | 1215 | / | 90 |
| total: | 38 | 5860g | / | 660w |
| Scout Tower | 1 | 30 | / | 20 |
| Arcane Tower | 1 | 70 | / | 50 |
| Altar of Kings | 1 | 180 | / | 50 |
| Barracks | 1 | 160 | / | 60 |
| Blacksmith | 1 | 140 | / | 60 |
| Farm | 9 | 720 | / | 180 |
| Lumber Mill | 1 | 120 | / | 0 |
| Arcane Vault | 1 | 130 | / | 30 |
| Arcane Sanctum | 1 | 150 | / | 140 |
| Keep | 1 | 320 | / | 210 |
| Castle | 1 | 360 | / | 210 |
| total: | 16 | 1630g | / | 540w |
| 0:03 | Peasant |
| 0:03 | Peasant |
| 0:03 | Peasant |
| 0:03 | Peasant |
| 0:08 | Altar of Kings |
| 0:17 | Barracks |
| 0:26 | Peasant |
| 0:35 | Blacksmith |
| 0:38 | Peasant |
| 0:55 | Peasant |
| 1:05 | Farm |
| 1:06 | Farm |
| 1:09 | Farm |
| 1:11 | Farm |
| 1:17 | Peasant |
| 1:29 | Peasant |
| 1:54 | Scout Tower |
| 2:05 | Peasant |
| 2:19 | Rifleman |
| 2:25 | Arcane Tower |
| 2:42 | Summon Water Elemental |
| 2:45 | Rifleman |
| 3:08 | Rifleman |
| 3:28 | Rifleman |
| 4:01 | Keep |
| 4:04 | Brilliance Aura |
| 4:39 | Rifleman |
| 4:56 | Farm |
| 5:00 | Lumber Mill |
| 5:07 | Rifleman |
| 5:11 | Arcane Vault |
| 5:33 | Rifleman |
| 5:40 | Summon Water Elemental |
| 6:34 | Farm |
| 6:37 | Arcane Sanctum |
| 6:42 | Farm |
| 6:53 | Long Rifles |
| 6:55 | Black Gunpowder |
| 7:31 | Brilliance Aura |
| 7:47 | Farm |
| 8:11 | Priest |
| 8:11 | Priest |
| 8:11 | Priest |
| 8:11 | Priest |
| 8:14 | Castle |
| 8:19 | Storm Bolt |
| 8:28 | Refined Gunpowder |
| 8:30 | Priest Adept Training |
| 8:45 | Farm |
| 9:28 | Rifleman |
| 9:35 | Rifleman |
| 9:37 | Priest |
| 10:40 | Bash |
| 11:30 | Rifleman |
| 11:31 | Rifleman |
| 11:48 | Priest Master Training |
| 11:49 | Priest |
| 12:22 | Rifleman |
| 12:39 | Rifleman |
| 13:00 | Rifleman |
| 13:08 | Priest |
| 13:23 | Lesser Clarity Potion |
| 13:38 | Rifleman |
| 13:42 | Summon Water Elemental |
| 13:48 | Priest |
| 15:19 | Rifleman |
| 15:20 | Priest |
| 15:23 | Rifleman |
| 15:41 | Storm Bolt |
| 15:48 | Rifleman |
| 16:00 | Holy Light |
| 16:20 | Rifleman |
| 16:39 | Imbued Gunpowder |
| Right click | 717 |
| Select group | 408 |
| Select | 221 |
| Build/train/purchase | 93 |
| Assign group | 48 |
| Chat | 31 |
| Use ability | 11 |
| Minimap ping | 5 |
| Remove unit | 3 |
| Item give/drop | 2 |
| Misc. action | 1 |

| Healing Salve | 3 | 300 |
| Lesser Clarity Potion | 1 | 70 |
| Orb of Lightning | 1 | 375 |
| Boots of Speed | 1 | 250 |
| Ring of Protection +3 | 1 | 125 |
| Claws of Attack +9 | 1 | 300 |
| total: | 8 | 1420g |
| Peon | 13 | 975 | / | 0 |
| Grunt | 11 | 2200 | / | 0 |
| Wind Rider | 2 | 530 | / | 80 |
| total: | 26 | 3705g | / | 80w |
| Altar of Storms | 1 | 180 | / | 50 |
| Orc Burrow | 7 | 1120 | / | 280 |
| Voodoo Lounge | 1 | 130 | / | 30 |
| Barracks | 2 | 360 | / | 100 |
| War Mill | 2 | 410 | / | 0 |
| Great Hall | 1 | 385 | / | 185 |
| Beastiary | 3 | 435 | / | 420 |
| Stronghold | 1 | 315 | / | 190 |
| Fortress | 1 | 325 | / | 190 |
| total: | 17 | 3020g | / | 1065w |
| 0:11 | Altar of Storms |
| 0:14 | Orc Burrow |
| 0:18 | Peon |
| 0:20 | Peon |
| 0:36 | Peon |
| 0:37 | Peon |
| 0:49 | Voodoo Lounge |
| 1:19 | Barracks |
| 1:25 | Peon |
| 1:26 | Peon |
| 1:35 | Peon |
| 2:08 | Barracks |
| 2:19 | Orc Burrow |
| 2:27 | Grunt |
| 2:52 | War Stomp |
| 3:15 | Grunt |
| 3:41 | Boots of Speed |
| 4:00 | Grunt |
| 4:53 | Grunt |
| 5:02 | Stronghold |
| 5:11 | Orc Burrow |
| 5:15 | Orc Burrow |
| 5:41 | Endurance Aura |
| 5:57 | War Mill |
| 6:03 | Healing Salve |
| 6:04 | Healing Salve |
| 6:06 | Lesser Clarity Potion |
| 6:50 | Grunt |
| 7:08 | War Mill |
| 7:14 | Steel Armor |
| 7:50 | Ring of Protection +3 |
| 8:15 | Claws of Attack +9 |
| 8:30 | Endurance Aura |
| 8:33 | Berserker Strength |
| 8:36 | Steel Melee Weapons |
| 8:37 | Thorium Armor |
| 8:39 | Grunt |
| 8:49 | Healing Salve |
| 9:21 | Great Hall |
| 9:47 | Pillage |
| 9:50 | Thorium Melee Weapons |
| 11:03 | Grunt |
| 11:27 | Grunt |
| 11:53 | Peon |
| 11:53 | Peon |
| 11:53 | Peon |
| 11:54 | Peon |
| 11:58 | Peon |
| 11:58 | Peon |
| 12:27 | Reinforced Defenses |
| 12:29 | Spiked Barricades |
| 12:32 | Grunt |
| 13:10 | Fortress |
| 15:00 | Orc Burrow |
| 15:01 | Orc Burrow |
| 15:02 | Orc Burrow |
| 15:08 | Beastiary |
| 15:10 | Beastiary |
| 15:18 | Beastiary |
| 15:21 | Steel Ranged Weapons |
| 15:24 | Improved Spiked Barricades |
| 15:48 | Arcanite Melee Weapons |
| 15:50 | Arcanite Armor |
| 15:59 | Grunt |
| 16:18 | Orb of Lightning |
| 17:22 | Wind Rider |
| 17:23 | Wind Rider |
| 17:31 | Grunt |
| Right click | 316 |
| Select | 177 |
| Build/train/purchase | 67 |
| Use ability | 13 |
| Misc. action | 5 |
| Item give/drop | 2 |
| Select group | 2 |
| Assign group | 1 |
63 units @ 9.6k
/ 0.9k
37 buildings @ 5.3k
/ 2.1k


| Healing Salve | 1 | 100 |
| Lesser Clarity Potion | 1 | 70 |
| Scroll of Speed | 1 | 50 |
| Orb of Lightning | 2 | 750 |
| Scroll of Healing | 3 | 750 |
| Scroll of Town Portal | 1 | 350 |
| total: | 9 | 2070g |
| Peon | 6 | 450 | / | 0 |
| Grunt | 9 | 1800 | / | 0 |
| Spirit Walker | 5 | 975 | / | 175 |
| Tauren | 3 | 840 | / | 240 |
| Shaman | 2 | 260 | / | 40 |
| total: | 25 | 4325g | / | 455w |
| Altar of Storms | 1 | 180 | / | 50 |
| Orc Burrow | 7 | 1120 | / | 280 |
| Barracks | 2 | 360 | / | 100 |
| Voodoo Lounge | 1 | 130 | / | 30 |
| War Mill | 1 | 205 | / | 0 |
| Beastiary | 1 | 145 | / | 140 |
| Tauren Totem | 1 | 135 | / | 155 |
| Spirit Lodge | 1 | 150 | / | 150 |
| Stronghold | 3 | 945 | / | 570 |
| Fortress | 1 | 325 | / | 190 |
| total: | 15 | 2425g | / | 905w |
| 0:02 | Peon |
| 0:07 | Altar of Storms |
| 0:09 | Peon |
| 0:18 | Orc Burrow |
| 0:22 | Peon |
| 0:41 | Peon |
| 0:49 | Barracks |
| 0:54 | Peon |
| 1:00 | Peon |
| 1:33 | Orc Burrow |
| 1:38 | Voodoo Lounge |
| 1:50 | Grunt |
| 2:09 | Grunt |
| 2:14 | Feral Spirit |
| 2:27 | Grunt |
| 2:30 | Orc Burrow |
| 2:57 | Stronghold |
| 3:04 | Healing Salve |
| 3:04 | Lesser Clarity Potion |
| 3:04 | Scroll of Speed |
| 3:21 | War Mill |
| 3:28 | Chain Lighting |
| 4:00 | Barracks |
| 4:29 | Grunt |
| 5:07 | Grunt |
| 5:11 | Orc Burrow |
| 5:24 | Berserker Strength |
| 5:37 | Steel Melee Weapons |
| 6:09 | Grunt |
| 6:16 | War Stomp |
| 6:25 | Beastiary |
| 6:26 | Tauren Totem |
| 6:46 | Grunt |
| 7:14 | Thorium Melee Weapons |
| 7:25 | Orc Burrow |
| 7:38 | Scroll of Healing |
| 7:51 | Spirit Walker Adept Training |
| 8:06 | Spirit Walker Master Training |
| 8:08 | Spirit Walker |
| 8:27 | Steel Armor |
| 8:51 | Spirit Walker |
| 8:56 | Fortress |
| 8:58 | Spirit Walker |
| 9:11 | Endurance Aura |
| 9:31 | Spirit Walker |
| 9:32 | Spirit Walker |
| 9:57 | Feral Spirit |
| 10:54 | Endurance Aura |
| 11:19 | Pulverize |
| 11:20 | Tauren |
| 11:26 | Grunt |
| 11:26 | Grunt |
| 11:33 | War Stomp |
| 11:56 | Orb of Lightning |
| 12:26 | Scroll of Healing |
| 12:30 | Scroll of Healing |
| 13:38 | Thorium Armor |
| 13:58 | Orc Burrow |
| 14:32 | Pillage |
| 14:45 | Orb of Lightning |
| 14:47 | Scroll of Town Portal |
| 15:13 | Arcanite Melee Weapons |
| 15:40 | Tauren |
| 15:46 | Orc Burrow |
| 16:08 | Chain Lighting |
| 16:34 | Spirit Lodge |
| 17:23 | Tauren |
| 17:49 | Shaman Adept Training |
| 17:50 | Shaman |
| 17:50 | Shaman |
| Right click | 794 |
| Select group | 473 |
| Assign group | 369 |
| Select | 299 |
| Build/train/purchase | 95 |
| Misc. action | 88 |
| Use ability | 29 |
| Minimap ping | 11 |
| Resource trade | 5 |
| Remove unit | 4 |
| Chat | 4 |
| Item give/drop | 3 |
| Esc | 3 |


| Scroll of Regeneration | 1 | 100 |
| Scroll of Healing | 2 | 500 |
| Scroll of Town Portal | 1 | 350 |
| Potion of Lesser Invulnerability | 2 | 300 |
| Scroll of Protection | 1 | 150 |
| Boots of Speed | 1 | 250 |
| Alleria's Flute of Accuracy | 1 | 400 |
| total: | 9 | 2050g |
| Peasant | 13 | 975 | / | 0 |
| Footman | 6 | 810 | / | 0 |
| Priest | 3 | 405 | / | 30 |
| Sorceress | 5 | 775 | / | 100 |
| Rifleman | 6 | 1230 | / | 180 |
| Spell Breaker | 3 | 645 | / | 90 |
| Ice Troll Trapper | 1 | 200 | / | 20 |
| Ice Troll Berserker | 1 | 245 | / | 30 |
| total: | 38 | 5285g | / | 450w |
| Altar of Kings | 1 | 180 | / | 50 |
| Farm | 12 | 960 | / | 240 |
| Barracks | 2 | 320 | / | 120 |
| Arcane Vault | 1 | 130 | / | 30 |
| Blacksmith | 1 | 140 | / | 60 |
| Town Hall | 2 | 770 | / | 410 |
| Lumber Mill | 1 | 120 | / | 0 |
| Arcane Sanctum | 2 | 300 | / | 280 |
| Keep | 1 | 320 | / | 210 |
| total: | 22 | 2920g | / | 1190w |
| 0:02 | Peasant |
| 0:07 | Altar of Kings |
| 0:12 | Peasant |
| 0:18 | Farm |
| 0:21 | Barracks |
| 0:25 | Peasant |
| 0:36 | Peasant |
| 0:43 | Peasant |
| 0:49 | Farm |
| 0:55 | Peasant |
| 1:09 | Peasant |
| 1:23 | Footman |
| 1:27 | Peasant |
| 1:36 | Farm |
| 1:44 | Footman |
| 1:51 | Peasant |
| 2:05 | Peasant |
| 2:19 | Summon Water Elemental |
| 2:24 | Footman |
| 2:27 | Peasant |
| 3:01 | Keep |
| 3:28 | Brilliance Aura |
| 3:32 | Defend |
| 3:33 | Footman |
| 3:45 | Farm |
| 3:56 | Farm |
| 4:02 | Arcane Vault |
| 4:53 | Footman |
| 5:03 | Scroll of Regeneration |
| 5:16 | Footman |
| 5:18 | Farm |
| 5:22 | Arcane Sanctum |
| 5:25 | Arcane Sanctum |
| 6:04 | Blacksmith |
| 6:16 | Ice Troll Trapper |
| 6:30 | Priest |
| 6:33 | Summon Water Elemental |
| 6:34 | Storm Bolt |
| 6:52 | Priest |
| 6:55 | Farm |
| 6:59 | Sorceress |
| 7:33 | Farm |
| 7:37 | Farm |
| 7:39 | Bash |
| 7:46 | Scroll of Healing |
| 7:50 | Potion of Lesser Invulnerability |
| 8:04 | Peasant |
| 8:04 | Peasant |
| 8:30 | Town Hall |
| 9:19 | Long Rifles |
| 9:21 | Sorceress |
| 9:22 | Priest |
| 9:47 | Sorceress |
| 10:45 | Storm Bolt |
| 11:30 | Brilliance Aura |
| 11:47 | Lumber Mill |
| 11:51 | Town Hall |
| 12:02 | Rifleman |
| 12:02 | Rifleman |
| 12:09 | Spell Breaker |
| 12:11 | Sorceress Adept Training |
| 12:13 | Potion of Lesser Invulnerability |
| 12:27 | Scroll of Protection |
| 12:41 | Sorceress |
| 13:25 | Farm |
| 13:28 | Spell Breaker |
| 13:29 | Rifleman |
| 13:50 | Scroll of Healing |
| 13:52 | Boots of Speed |
| 14:56 | Sorceress |
| 14:58 | Rifleman |
| 15:01 | Barracks |
| 15:08 | Ice Troll Berserker |
| 15:30 | Bash |
| 15:33 | Scroll of Town Portal |
| 15:48 | Rifleman |
| 15:52 | Black Gunpowder |
| 16:19 | Spell Breaker |
| 16:21 | Priest Adept Training |
| 16:42 | Alleria's Flute of Accuracy |
| 17:32 | Rifleman |
| 17:35 | Farm |
| 17:42 | Farm |
| Right click | 1028 |
| Select group | 783 |
| Select | 450 |
| Misc. action | 122 |
| Build/train/purchase | 111 |
| Assign group | 62 |
| Use ability | 21 |
| Chat | 14 |
| Minimap ping | 6 |
| Resource trade | 5 |
| Esc | 4 |
| Item give/drop | 3 |